ORI
UNIVERSITY OF NEBRASKA CORNHUSKERS @ UNIVERSITY OF FLORIDA GATORS
11/24/2046
 
TOP OF THE 1ST
University of Nebraska Cornhuskers batting - Pitching for University of Florida Gators : LHP Alex Zepeda
Pitching: LHP Alex Zepeda
Batting: SHB Gary Luckwell 0-0: Ball
1-0: Swinging Strike
1-1: Ball
2-1: Swinging Strike
2-2: Ground out 6-3 (Groundball, 6MS, EV 85.0 MPH)
Batting: RHB Danny Forbes 0-0: Foul Ball, location: 2F
0-1: Ball
1-1: Ball
2-1: Swinging Strike
2-2: Strikes out swinging
Batting: RHB Zion Jones 0-0: Called Strike
0-1: Ball
1-1: Ball
2-1: Ball
3-1: Called Strike
3-2: Base on Balls
Batting: LHB Bob Appleby 0-0: Ball
Pickoff Throw to First - Out! 1-3
Top of the 1st over - 0 runs, 0 hits, 0 errors, 0 left on base; University of Nebraska 0 - University of Florida 0
BOTTOM OF THE 1ST
University of Florida Gators batting - Pitching for University of Nebraska Cornhuskers : RHP Bobby Almonte
Pitching: RHP Bobby Almonte
Batting: RHB Marco Morales 0-0: Ball
1-0: Reached on error, E3 (Groundball, 3, EV 83.1 MPH)
Batting: LHB Terry Bayer 0-0: Ball
1-0: Ball
2-0: Called Strike
2-1: Ball
3-1: Fly out, F8 (Flyball, 8RD, EV 78.8 MPH)
Batting: SHB Pat Justice 0-0: Ball
1-0: Swinging Strike
1-1: Reached on error, E4 (Groundball, 4, EV 85.6 MPH)
Marco Morales to second
Batting: RHB Gong-sun Law 0-0: Ball
1-0: Called Strike
1-1: Fly out, F9 (Flyball, 89M, EV 93.1 MPH)
Batting: RHB Elliott Pye 0-0: Ball
1-0: Reached on error, E3 (Groundball, 34S, EV 67.5 MPH)
Marco Morales to third
Pat Justice to second
Batting: RHB Juan Lopez 0-0: Called Strike
0-1: Swinging Strike
0-2: Ball
1-2: SINGLE (Groundball, 56D, EV 95.6 MPH)
Marco Morales scores
Pat Justice to third
Elliott Pye to second
Runner from 3rd tries for Home, throw by LF and OUT! 7-2
Bottom of the 1st over - 1 run, 1 hit, 3 errors, 2 left on base; University of Nebraska 0 - University of Florida 1
TOP OF THE 2ND
University of Nebraska Cornhuskers batting - Pitching for University of Florida Gators : LHP Alex Zepeda
Batting: LHB Bob Appleby 0-0: Ball
1-0: Swinging Strike
1-1: Ball
2-1: Ground out 4-3 (Groundball, 4, EV 78.8 MPH)
Batting: SHB Kent Worboys 0-0: Ball
1-0: Ball
2-0: Ball
3-0: Called Strike
3-1: Called Strike
3-2: Fly out, F3 (Popup, 3S, EV 86.2 MPH)
Batting: LHB Lupe Garcia 0-0: Fly out, F7 (Flyball, 7, EV 81.9 MPH)
Top of the 2nd over - 0 runs, 0 hits, 0 errors, 0 left on base; University of Nebraska 0 - University of Florida 1
BOTTOM OF THE 2ND
University of Florida Gators batting - Pitching for University of Nebraska Cornhuskers : RHP Bobby Almonte
Batting: RHB Keith Kamerling 0-0: Called Strike
0-1: Ball
1-1: Swinging Strike
1-2: Strikes out swinging
Batting: LHB Jose Garcia 0-0: Called Strike
0-1: Foul Ball, location: 2F
0-2: Ball
1-2: Foul Ball, location: 2F
1-2: Foul Ball, location: 2F
1-2: Foul Ball, location: 2F
1-2: Reached on error, E6 (Groundball, 6, EV 83.1 MPH)
Batting: RHB Danny Cisneros 0-0: Swinging Strike
0-1: Foul Ball, location: 2F
0-2: Foul Ball, location: 2F
0-2: Foul Ball, location: 2F
0-2: Ball
1-2: Ball
2-2: Strikes out swinging
Batting: RHB Marco Morales 0-0: Ball
1-0: Fly out, F3 (Popup, 3SF, EV 78.8 MPH)
Bottom of the 2nd over - 0 runs, 0 hits, 1 error, 1 left on base; University of Nebraska 0 - University of Florida 1
TOP OF THE 3RD
University of Nebraska Cornhuskers batting - Pitching for University of Florida Gators : LHP Alex Zepeda
Batting: RHB Aidan Collet 0-0: Ball
1-0: Foul Ball, location: 2F
1-1: Ground out 6-3 (Groundball, 6, EV 105.6 MPH)
Batting: RHB Tariq Garane 0-0: Ball
1-0: Called Strike
1-1: Foul Ball, location: 2F
1-2: Fly out, F9 (Flyball, 9, EV 90.0 MPH)
Batting: LHB Avicenna Abdul-Muta'al 0-0: Foul Ball, location: 2F
0-1: Ball
1-1: Ground out 4-3 (Groundball, 4, EV 80.0 MPH)
Top of the 3rd over - 0 runs, 0 hits, 0 errors, 0 left on base; University of Nebraska 0 - University of Florida 1
BOTTOM OF THE 3RD
University of Florida Gators batting - Pitching for University of Nebraska Cornhuskers : RHP Bobby Almonte
Batting: LHB Terry Bayer 0-0: Called Strike
0-1: Ball
1-1: Called Strike
1-2: Strikes out swinging
Batting: SHB Pat Justice 0-0: Ball
1-0: Called Strike
1-1: Foul Ball, location: 2F
1-2: Ball
2-2: Ball
3-2: Ground out 4-3 (Groundball, 34, EV 108.1 MPH)
Batting: RHB Gong-sun Law 0-0: Ball
1-0: Called Strike
1-1: Called Strike
1-2: Foul Ball, location: 2F
1-2: Ball
2-2: Ball
3-2: Strikes out swinging
Bottom of the 3rd over - 0 runs, 0 hits, 0 errors, 0 left on base; University of Nebraska 0 - University of Florida 1
TOP OF THE 4TH
University of Nebraska Cornhuskers batting - Pitching for University of Florida Gators : LHP Alex Zepeda
Batting: SHB Gary Luckwell 0-0: Fly out, F9 (Flyball, 9, EV 89.4 MPH)
Batting: RHB Danny Forbes 0-0: SINGLE (Groundball, P, EV 90.0 MPH) (infield hit)
Batting: RHB Zion Jones 0-0: Swinging Strike
0-1: Fly out, F9 (Flyball, 89M, EV 89.4 MPH)
Batting: LHB Bob Appleby 0-0: Called Strike
0-1: Reached on error, E6 (Groundball, 6M, EV 87.5 MPH)
Danny Forbes to second
Batting: SHB Kent Worboys 0-0: Called Strike
0-1: Foul Ball, location: 2F
0-2: Ball
1-2: Foul Ball, location: 2F
1-2: Ball
2-2: Ball
3-2: Ground out 4-3 (Groundball, 4S, EV 84.4 MPH)
Top of the 4th over - 0 runs, 1 hit, 1 error, 2 left on base; University of Nebraska 0 - University of Florida 1
BOTTOM OF THE 4TH
University of Florida Gators batting - Pitching for University of Nebraska Cornhuskers : RHP Bobby Almonte
Batting: RHB Elliott Pye 0-0: Called Strike
0-1: Ball
1-1: Fly out, F5 (Line Drive, 56, EV 83.8 MPH)
Batting: RHB Juan Lopez 0-0: Ball
1-0: Foul Ball, location: 2F
1-1: Foul Ball, location: 2F
1-2: Foul Ball, location: 2F
1-2: Ball
2-2: Strikes out swinging
Batting: RHB Keith Kamerling 0-0: Swinging Strike
0-1: Ball
1-1: Called Strike
1-2: Strikes out swinging
Bottom of the 4th over - 0 runs, 0 hits, 0 errors, 0 left on base; University of Nebraska 0 - University of Florida 1
TOP OF THE 5TH
University of Nebraska Cornhuskers batting - Pitching for University of Florida Gators : LHP Alex Zepeda
Batting: LHB Lupe Garcia 0-0: Ball
1-0: Fly out, F8 (Flyball, 89S, EV 84.4 MPH)
Batting: RHB Aidan Collet 0-0: Called Strike
0-1: Ground out 4-3 (Groundball, 4M, EV 83.1 MPH)
Batting: RHB Tariq Garane 0-0: Fly out, F9 (Flyball, 9S, EV 78.8 MPH)
Top of the 5th over - 0 runs, 0 hits, 0 errors, 0 left on base; University of Nebraska 0 - University of Florida 1
BOTTOM OF THE 5TH
University of Florida Gators batting - Pitching for University of Nebraska Cornhuskers : RHP Bobby Almonte
Pitching: RHP Miguel Bustamante
Batting: LHB Jose Garcia 0-0: Foul Ball, location: 2F
0-1: Foul Ball, location: 2F
0-2: Strikes out looking
Batting: RHB Danny Cisneros 0-0: Ball
1-0: Called Strike
1-1: Fly out, F8 (Flyball, 8RM, EV 86.2 MPH)
Batting: RHB Marco Morales 0-0: Ball
1-0: Ball
2-0: SINGLE (Line Drive, 9S, EV 89.4 MPH)
Batting: LHB Terry Bayer 0-0: Ball
1-0: Ball
Marco Morales steals 2nd base
2-0: Ball
3-0: Called Strike
3-1: Foul Ball, location: 2F
3-2: Base on Balls
Batting: SHB Pat Justice 0-0: Called Strike
0-1: Ball
1-1: Ground out 3-1 (Groundball, 34, EV 88.1 MPH)
Bottom of the 5th over - 0 runs, 1 hit, 0 errors, 2 left on base; University of Nebraska 0 - University of Florida 1
TOP OF THE 6TH
University of Nebraska Cornhuskers batting - Pitching for University of Florida Gators : LHP Alex Zepeda
Batting: LHB Avicenna Abdul-Muta'al 0-0: Ball
1-0: Foul Ball, location: 2F
1-1: Foul Ball, location: 2F
1-2: Ball
2-2: Ball
3-2: SINGLE (Line Drive, 6D, EV 96.2 MPH)
Batting: SHB Gary Luckwell 0-0: Ball
1-0: Fielders Choice at 2nd, 5-4 (Groundball, 56S, EV 81.2 MPH)
Batting: RHB Danny Forbes 0-0: Called Strike
Gary Luckwell steals 2nd base
0-1: Ball
1-1: Swinging Strike
1-2: Strikes out swinging
Batting: RHB Zion Jones 0-0: Called Strike
0-1: Foul Ball, location: 2F
0-2: Ball
1-2: Ball
2-2: Foul Ball, location: 2F
2-2: Ball
3-2: Reached on error, E4 (Groundball, 4, EV 85.6 MPH)
Gary Luckwell scores
Pitching: LHP Alexander Collins
Batting: LHB Bob Appleby 0-0: Ball
1-0: Called Strike
1-1: Ground out 4-3 (Groundball, 4, EV 96.9 MPH)
Top of the 6th over - 1 run, 1 hit, 1 error, 1 left on base; University of Nebraska 1 - University of Florida 1
BOTTOM OF THE 6TH
University of Florida Gators batting - Pitching for University of Nebraska Cornhuskers : RHP Miguel Bustamante
Batting: RHB Gong-sun Law 0-0: Called Strike
0-1: Ball
1-1: Ball
2-1: Called Strike
2-2: SOLO HOME RUN (Line Drive, 78XD, EV 113.8 MPH), Distance : 417 ft
Batting: RHB Elliott Pye 0-0: Fly out, F7 (Flyball, 78M, EV 83.1 MPH)
Batting: RHB Juan Lopez 0-0: Swinging Strike
0-1: Ball
1-1: Ball
2-1: Ball
3-1: Swinging Strike
3-2: Base on Balls
Batting: RHB Keith Kamerling 0-0: Swinging Strike
0-1: Called Strike
0-2: Ball
1-2: Foul Ball, location: 2F
1-2: Ball
2-2: Foul Ball, location: 2F
2-2: Strikes out swinging
Batting: LHB Jose Garcia 0-0: Ball
Wild Pitch!
Juan Lopez to second
1-0: Called Strike
1-1: Ball
2-1: Ground out 5-3 (Groundball, 56, EV 78.1 MPH)
Bottom of the 6th over - 1 run, 1 hit, 0 errors, 1 left on base; University of Nebraska 1 - University of Florida 2
TOP OF THE 7TH
University of Nebraska Cornhuskers batting - Pitching for University of Florida Gators : LHP Alexander Collins
Batting: SHB Kent Worboys 0-0: Foul Ball, location: 2F
0-1: Ball
1-1: Foul Ball, location: 2F
1-2: Foul Ball, location: 2F
1-2: Strikes out looking
Batting: LHB Lupe Garcia 0-0: Ball
1-0: Foul Ball, location: 2F
1-1: Called Strike
1-2: Ball
2-2: Strikes out looking
Batting: RHB Aidan Collet 0-0: Swinging Strike
0-1: Swinging Strike
0-2: Foul Ball, location: 2F
0-2: Foul Ball, location: 2F
0-2: Strikes out swinging
Top of the 7th over - 0 runs, 0 hits, 0 errors, 0 left on base; University of Nebraska 1 - University of Florida 2
BOTTOM OF THE 7TH
University of Florida Gators batting - Pitching for University of Nebraska Cornhuskers : RHP Miguel Bustamante
Pitching: LHP Samuel Hulbert
Batting: RHB Danny Cisneros 0-0: Ball
1-0: Ball
2-0: Called Strike
2-1: Ball
3-1: Base on Balls
Batting: RHB Marco Morales 0-0: Ball
1-0: Bunted foul
1-1: Sac Bunt to 23 - play at first, batter OUT! 3-4
Danny Cisneros to second
Batting: LHB Terry Bayer 0-0: Fly out, F7 (Flyball, 7D, EV 98.8 MPH)
Batting: SHB Pat Justice 0-0: Swinging Strike
0-1: Called Strike
0-2: Ball
1-2: Ball
2-2: Strikes out swinging
Bottom of the 7th over - 0 runs, 0 hits, 0 errors, 1 left on base; University of Nebraska 1 - University of Florida 2
TOP OF THE 8TH
University of Nebraska Cornhuskers batting - Pitching for University of Florida Gators : LHP Alexander Collins
Batting: RHB Tariq Garane 0-0: Ball
1-0: Foul Ball, location: 2F
1-1: Ball
2-1: Ball
3-1: Ground out 4-3 (Groundball, 4, EV 76.9 MPH)
Pinch Hitting: RHB Salvador Guillen 0-0: Ball
1-0: Called Strike
1-1: Ball
2-1: Foul Ball, location: 2F
2-2: Foul Ball, location: 2F
2-2: Foul Ball, location: 2F
2-2: Strikes out looking
Batting: SHB Gary Luckwell 0-0: Foul Ball, location: 2F
0-1: Foul Ball, location: 2F
0-2: Ball
1-2: Foul Ball, location: 2F
1-2: Ball
2-2: Ball
3-2: Strikes out swinging
Top of the 8th over - 0 runs, 0 hits, 0 errors, 0 left on base; University of Nebraska 1 - University of Florida 2
BOTTOM OF THE 8TH
University of Florida Gators batting - Pitching for University of Nebraska Cornhuskers : LHP Samuel Hulbert
Now in RF: Salvador Guillen
Batting: RHB Gong-sun Law 0-0: Ground out 5-3 (Groundball, 56S, EV 80.6 MPH)
Batting: RHB Elliott Pye 0-0: Ball
1-0: Foul Ball, location: 2F
1-1: Ball
2-1: Ground out U3 (Groundball, 3S, EV 77.5 MPH)
Batting: RHB Juan Lopez 0-0: Ball
1-0: Ball
2-0: Foul Ball, location: 2F
2-1: Swinging Strike
2-2: Foul Ball, location: 2F
2-2: Strikes out looking
Bottom of the 8th over - 0 runs, 0 hits, 0 errors, 0 left on base; University of Nebraska 1 - University of Florida 2
TOP OF THE 9TH
University of Nebraska Cornhuskers batting - Pitching for University of Florida Gators : LHP Alexander Collins
Pitching: LHP Adhamh Lubis
Now in RF: Dave Newsome
Pinch Hitting: RHB Will England 0-0: SINGLE (Groundball, 6, EV 95.6 MPH)
Batting: RHB Zion Jones 0-0: Ball
Wild Pitch!
Will England to second
1-0: Foul Ball, location: 2F
1-1: Called Strike
1-2: Foul Ball, location: 2F
1-2: Ball
2-2: Ball
3-2: 2-RUN HOME RUN (Flyball, 78XD, EV 100.6 MPH), Distance : 405 ft
Pinch Hitting: RHB Chris Anthony 0-0: TRIPLE (Flyball, 8LXD, EV 106.9 MPH)
Batting: SHB Kent Worboys 0-0: Ball
1-0: Fly out, F9 (Flyball, 9LS, EV 85.6 MPH)
Batting: LHB Lupe Garcia 0-0: Bunted foul
Squeeze bunt is on, Chris Anthony is safe
0-2: Ball
1-2: Ball
2-2: Ball
3-2: Base on Balls
Batting: RHB Aidan Collet 0-0: Fielders Choice at 2nd, 6-4 (Groundball, 6, EV 83.1 MPH)
Batting: RHB Tariq Garane 0-0: Fly out, F6 (Line Drive, 6, EV 73.8 MPH)
Top of the 9th over - 3 runs, 3 hits, 0 errors, 1 left on base; University of Nebraska 4 - University of Florida 2
BOTTOM OF THE 9TH
University of Florida Gators batting - Pitching for University of Nebraska Cornhuskers : LHP Samuel Hulbert
Pitching: RHP Jason Kelly
Now at 3B: Will England
Now in CF: Chris Anthony
Pinch Hitting: RHB Manny Harrison 0-0: Ball
1-0: SINGLE (Flyball, 8RS, EV 90.6 MPH)
Pinch Hitting: RHB Robert Mason 0-0: Called Strike
0-1: Ball
1-1: Foul Ball, location: 2F
1-2: Foul Ball, location: 2F
1-2: 2-RUN HOME RUN (Flyball, 7D, EV 100.6 MPH), Distance : 385 ft
Batting: RHB Danny Cisneros 0-0: Ball
1-0: Called Strike
1-1: Ball
2-1: Ball
3-1: Foul Ball, location: 2F
3-2: Fly out, F8 (Flyball, 89D, EV 96.9 MPH)
Batting: RHB Marco Morales 0-0: Ball
1-0: Ball
2-0: Ball
3-0: Base on Balls
Batting: LHB Terry Bayer 0-0: Swinging Strike
0-1: Fielders Choice at 2nd, 3-6 (Groundball, 3, EV 90.0 MPH)
Batting: LHB Dave Newsome 0-0: Ball
1-0: Fly out, F7 (Flyball, 78M, EV 81.2 MPH)
Bottom of the 9th over - 2 runs, 2 hits, 0 errors, 1 left on base; University of Nebraska 4 - University of Florida 4
TOP OF THE 10TH
University of Nebraska Cornhuskers batting - Pitching for University of Florida Gators : LHP Adhamh Lubis
Pitching: RHP Dave Ross
Now at 1B: Manny Harrison
Now in LF: Robert Mason
Batting: RHB Salvador Guillen 0-0: Called Strike
0-1: Ball
1-1: Foul Ball, location: 2F
1-2: Ball
2-2: Fly out, F8 (Flyball, 8LS, EV 93.8 MPH)
Batting: SHB Gary Luckwell 0-0: Ball
1-0: Ground out U3 (Groundball, 34, EV 80.6 MPH)
Batting: RHB Will England 0-0: Ball
1-0: Ball
2-0: Ball
3-0: Called Strike
3-1: Base on Balls
Batting: RHB Zion Jones 0-0: Ball
1-0: Ball
2-0: Called Strike
2-1: Called Strike
2-2: Fly out, F8 (Line Drive, 8LM, EV 95.0 MPH)
Top of the 10th over - 0 runs, 0 hits, 0 errors, 1 left on base; University of Nebraska 4 - University of Florida 4
BOTTOM OF THE 10TH
University of Florida Gators batting - Pitching for University of Nebraska Cornhuskers : RHP Jason Kelly
Pitching: RHP Antonino Charno
Batting: RHB Gong-sun Law 0-0: Ball
1-0: Foul Ball, location: 2F
1-1: Called Strike
1-2: Ball
2-2: Ball
3-2: Strikes out swinging
Batting: RHB Elliott Pye 0-0: Called Strike
0-1: Ball
1-1: Ball
2-1: Called Strike
2-2: Ball
3-2: Base on Balls
Batting: RHB Juan Lopez 0-0: Ball
1-0: Sac Bunt to 13 - play at first, batter OUT! 1-3
Elliott Pye to second
Batting: RHB Manny Harrison 0-0: Intentional Walk
Batting: RHB Robert Mason 0-0: Ball
1-0: Ball
2-0: Foul Ball, location: 2F
2-1: Called Strike
2-2: Foul Ball, location: 2F
2-2: Ball
3-2: Base on Balls
Elliott Pye to third
Manny Harrison to second
Batting: RHB Danny Cisneros 0-0: Called Strike
Balk!
Elliott Pye scores
Bottom of the 10th over - 1 run, 0 hits, 0 errors, 2 left on base; University of Nebraska 4 - University of Florida 5
Tuesday, September 13th , 2022 - OOTP Baseball 23.7 Build 88